 Dungeon Crawl Stone Soup version 0.29.1-15-g9cfb28693d (webtiles) character file.

Game seed: 2447924146555230707

109 McKennaii the Caller (level 4, 0/33 HPs)
             Began as a Demigod Summoner on Feb 24, 2023.
             Slain by Edmund
             ... wielding a +1 flail of protection
              (5 damage)
             ... on level 4 of the Dungeon.
             The game lasted 00:04:26 (3900 turns).

McKennaii the Caller (Demigod Summoner)             Turns: 3900, Time: 00:04:27

Health: 0/33       AC:  3    Str:  9    XL:     4   Next: 34%
Magic:  8/11       EV: 12    Int: 21    God:
Gold:   193        SH:  0    Dex: 14    Spells: 8/9 levels left

rFire   . . .      SeeInvis .   m - +1 dagger (venom)
rCold   . . .      Faith    .   (no shield)
rNeg    . . .      Spirit   .   a - +0 robe
rPois   .          Reflect  .   (no helmet)
rElec   .          Harm     .   j - +0 cloak
rCorr   .          Rampage  .   (no gloves)
Will    .....                   (no boots)
Stlth   ++........              (no amulet)
HPRegen 0.11/turn               (no ring)
MPRegen 0.12/turn               (no ring)

@: no status effects
A: high MP 1, forlorn, divine attributes
a: no special abilities


You were on level 4 of the Dungeon.
You visited 1 branch of the dungeon, and saw 4 of its levels.

You collected 193 gold pieces.

Inventory:

Hand Weapons
 m - a +1 dagger of venom (weapon)
Armour
 a - a +0 robe (worn)
 j - a +0 cloak (worn)
Jewellery
 o - a ring of fire
 s - an amulet of magic regeneration
Wands
 q - a wand of flame (17)
 r - a wand of charming (2)
Scrolls
 d - a scroll of amnesia {unknown}
 f - 3 scrolls of identify {unknown}
 h - 2 scrolls of enchant armour {unknown}
 k - 2 scrolls of teleportation {unknown}
 l - a scroll of butterflies {unknown}
 n - a scroll of vulnerability {unknown}
Potions
 b - a potion of magic
 c - a potion of degeneration {unknown}
 e - a potion of curing {unknown}
 g - a potion of mutation {unknown}
 i - a potion of invisibility {unknown}
 p - a potion of resistance {unknown}


   Skills:
 - Level 1.7 Dodging
 - Level 1.7 Stealth
 + Level 3.1 Spellcasting
 + Level 4.6 Summonings


You had 8 spell levels left.
You knew the following spells:

 Your Spells              Type           Power      Damage    Failure   Level
a - Summon Small Mammal   Summ           88%        N/A       1%          1

Your spell library contained the following spells:

 Spells                   Type           Power      Damage    Failure   Level
 Call Imp                 Summ           22%        N/A       3%          2
 Call Canine Familiar     Summ           22%        N/A       6%          3
 Beastly Appendage        Tmut           6%         N/A       13%         1
 Summon Guardian Golem    Hex/Summ       13%        N/A       16%         3
 Wereblood                Tmut           3%         N/A       21%         2
 Ozocubu's Armour         Ice            3%         N/A       36%         3
 Portal Projectile        Hex/Tloc       6%         N/A       36%         3
 Spider Form              Tmut/Pois      3%         N/A       36%         3
 Tukima's Dance           Hex            3%         N/A       36%         3
 Summon Lightning Spire   Summ/Air       13%        N/A       45%         4
 Blade Hands              Tmut           1%         N/A       98%         5
 Metabolic Englaciation   Hex/Ice        1%         N/A       98%         5
 Conjure Ball Lightning   Conj/Air       1%         3x3d6     100%        6
 Simulacrum               Ice/Necr       1%         N/A       100%        6
 Ozocubu's Refrigeration  Ice            1%         4d7       100%        7
 Discord                  Hex            1%         N/A       100%        8
 Disjunction              Tloc           1%         N/A       100%        8


Dungeon Overview and Level Annotations

Branches:
Dungeon (4/15)             Temple (0/1) D:4

Annotations:
D:3 2 transporters, LaMa's ghost, weakling MfIE
D:4 Edmund


Innate Abilities, Weirdness & Mutations

You have an increased reservoir of magic. (+10% MP)
You shall have no god before yourself.
Your divine heritage dramatically boosts your attributes as you level up.


Message History

Your rat dies!
Your rat's corpse disappears in a puff of smoke!
Unknown command.
Casting: Summon Small Mammal (safe; 1% risk of failure)
Confirm with . or Enter, or press ? or * to list all spells.
Edmund barely misses your rat.
Your rat bites Edmund but does no damage.
Unknown command.
Edmund hits your rat with a +1 flail of protection!
Your rat dies!
Your rat's corpse disappears in a puff of smoke!
Edmund says, "People accused me of being a cutpurse!"
Edmund barely misses your quokka.
Your quokka bites Edmund but does no damage.
Casting: Summon Small Mammal (safe; 1% risk of failure)
Confirm with . or Enter, or press ? or * to list all spells.
Your quokka barely misses Edmund.
Edmund hits your quokka with a +1 flail of protection!
Your quokka dies!
Your quokka's corpse disappears in a puff of smoke!
Unknown command.
Casting: Summon Small Mammal (safe; 1% risk of failure)
Confirm with . or Enter, or press ? or * to list all spells.
Unknown command.
Your bat barely misses Edmund.
Your bat completely misses Edmund.
Your quokka bites Edmund but does no damage.
Edmund attacks as you move away! Edmund barely misses you.
Your quokka misses Edmund.
Your bat closely misses Edmund.
Your quokka bites Edmund but does no damage.
You closely miss Edmund.
Edmund is heavily wounded.
Your bat closely misses Edmund.
Edmund hits you with a +1 flail of protection!
* * * LOW HITPOINT WARNING * * *
Your quokka bites Edmund but does no damage.
Unknown command.
Edmund attacks as you move away!
Edmund hits you with a +1 flail of protection.
You die...

........#### # .......... .#
#+# #....####.#
#.#.###.####.........### #
#.......<.....#........##.#
.#.#.#...#.........#.....
#......r....##...##..
#..Pb..@....#........
#.♣♣♣..@###...$8.8.8.
##.#####P~~....# #.....†.⌠..
.........♣~....######.8.>.8.
#.###.............# ..⌠.⌠..
#.#......####.# .8.8.8.
#.#..#...# .......
#........# .......
#.######.##.....# ####...
#.............###


You could see Edmund (ally target), a friendly quokka (summoned) and a friendly
bat (summoned).

Vanquished Creatures
  An iguana (D:3)
  An adder (D:2)
  An ufetubus (D:4)
  2 endoplasms
  5 hobgoblins
  3 jackals (D:3)
  A quokka (D:2)
  2 bats
  A frilled lizard (D:2)
  4 goblins
21 creatures vanquished.

Vanquished Creatures (collateral kills)
  An adder (D:2)
  A worm (D:2)
  3 ball pythons
  2 endoplasms (D:2)
  2 giant cockroaches
  3 goblins
  3 hobgoblins
  3 jackals (D:3)
  2 kobolds
  3 quokkas
  A bat (D:2)
  3 rats (D:2)
27 creatures vanquished.

Vanquished Creatures (others)
  3 plants (D:4)
3 creatures vanquished.

Grand Total: 51 creatures vanquished

Notes
Turn   | Place    | Note
-------+----------+-------------------------------------------
     0 | D:1      | McKennaii the Demigod Summoner began the quest for the Orb.
     0 | D:1      | Reached XP level 1. HP: 14/14 MP: 5/5
  1300 | D:2      | Reached XP level 2. HP: 4/20 MP: 3/7
  1731 | D:2      | Reached skill level 4 in Summonings
  2085 | D:2      | Reached XP level 3. HP: 13/26 MP: 5/9
  3005 | D:3      | Noticed an ogre
  3632 | D:3      | Noticed LaMa's ghost (weakling MfIE)
  3633 | D:3      | Found a transporter.
  3633 | D:3      | Noticed an ogre
  3637 | D:3      | Found a transporter.
  3734 | D:3      | Reached XP level 4. HP: 27/33 MP: 8/11
  3835 | D:4      | Found a staircase to the Ecumenical Temple.
  3839 | D:4      | Noticed Edmund
  3900 | D:4      | Slain by Edmund

Illustrated notes

Levels and vault maps discovered:
D:1:      beargit_arrival_diablo_church, layout_basic, chequers_mini_garden,
          solitary_fountain, minmay_misc_feat_rows, minmay_misc_feat_tower
D:2:      layout_basic, minmay_cupped
D:3:      layout_rooms, nicolae_overflow_ecumenical_swirl,
          mainiacjoe_overflow_alcove_4, gammafunk_ghost_smash,
          hellmonk_ecumenical_altar_dog_temple, wad_floor_pattern_untrapped
D:4:      minmay_evil_eye, layout_basic, mainiacjoe_overflow_cross_hatched,
          minmay_temple_entry_statues_fountains, serial_bayou,
          serial_bayou_pond_d, serial_bayou_shore_b, serial_bayou_pond_a,
          serial_bayou_ford_a, serial_bayou_pond_d, ebering_ghost_sewer_d,
          uniq_edmund, uniq_pikel

Skill      XL: |  1  2  3 |
---------------+----------+-----
Spellcasting   | 2 3 |  3.1
Summonings     | 4 |  4.6
Dodging        | |  1.7
Stealth        | |  1.7

Action                   |  1- 3 |  4- 6 || total
-------------------------+-------+-------++-------
Melee: Unarmed           |    12 |       ||    12
       Short sword       |    58 |       ||    58
       Dagger            |    39 |     7 ||    46
 Cast: Summon Small Mamm |    60 |    10 ||    70
 Stab: Sleeping          |     2 |       ||     2
Armor: Robe              |    41 |     3 ||    44
Dodge: Dodged            |    89 |     5 ||    94
